 Dungeon Crawl Stone Soup version 0.31.0-11-ge490571c62 (webtiles) character file.

Game seed: 4055793845998841093

179 qw the Shooter (level 5, -5/26 HPs)
             Began as a Spriggan Hunter on Feb 4, 2024.
             Succumbed to an orc priest's poison
             ... on level 3 of the Dungeon.
             The game lasted 00:00:06 (2115 turns).

qw the Shooter (Spriggan Hunter)                    Turns: 2115, Time: 00:00:07

Health: -5/26      AC:  2    Str:  7    XL:     5   Next: 33%
Magic:  6/6        EV: 20    Int: 11    God:
Gold:   143        SH:  5    Dex: 20    Spells: 4/4 levels left

rFire   . . .        a - +0 shortbow
rCold   . . .        (shield currently unavailable)
rNeg    . . .        c - +0 robe
rPois   .            (helmet restricted)
rElec   .            d - scarf {repulsion}
rCorr   .            (gloves unavailable)
SInv    +            (boots unavailable)
Will    .....        g - amulet of reflection
Stlth   ++           (no ring)
HPRegen 0.24/turn    (no ring)
MPRegen 0.10/turn

%: repel missiles, reflection
@: lethally poisoned (-5 -> -28), very quick
A: very small, no large weapons, unfitting armour, see invisible, speed 3
a: no special abilities


You were on level 3 of the Dungeon.
You visited 1 branch of the dungeon, and saw 3 of its levels.

You collected 143 gold pieces.


Innate Abilities, Weirdness & Mutations

You are very small and have problems with some larger weapons.
You are too small for most types of armour.
You have supernaturally acute eyesight. (SInv)
You cover ground extremely quickly. (Speed+++)


   Skills:
 - Level 2.0 Fighting
 + Level 5.5 Ranged Weapons
 - Level 5.1 Dodging
 - Level 1.5 Stealth


You had 4 spell levels left.
You didn't know any spells.
Your spell library was empty.

Inventory:

Hand Weapons
 a - a +0 shortbow (weapon)
Armour
 c - a +0 robe (worn)
 d - a scarf of repulsion (worn)
Jewellery
 g - an amulet of reflection (around neck)
Scrolls
 b - a scroll of vulnerability {unknown}

Dungeon Overview and Level Annotations

Branches:
Dungeon (3/15)

Altars:

Shops:
D:1 [(:((


Message History

You kill the bombardier beetle!
You shoot an arrow. The arrow closely misses the orc.
The arrow hits the orc.
The orc is moderately wounded.
You block the orc priest's attack. The orc closely misses you. x2
The orc hits you with a +0 flail. The orc closely misses you.
The orc misses you.
The orc priest hits you from afar with a +2 trident of venom!
You are lethally poisoned!
2110 ||| DRINKING 2 potions of heal wounds.
You feel much better.
You feel very sick. The orc closely misses you.
The orc hits you with a +0 flail. The orc completely misses you.
The orc priest hits you from afar with a +2 trident of venom.
You are more poisoned.
You shoot an arrow. The arrow hits the orc.
The orc is severely wounded.
You feel very sick. You block the orc's attack. The orc misses you. x2
The orc priest hits you from afar with a +2 trident of venom.
You are more poisoned.
2112 ||| DRINKING potion of heal wounds.
You feel much better.
You feel very sick. The orc hits you with a +0 flail!
The orc hits you with a +0 whip. The orc closely misses you.
The orc priest misses you.
You shoot an arrow. The arrow barely misses the orc.
You feel very sick. You block the orc's attack.
The orc completely misses you. x2
The orc priest begins to cast a cantrip, but forgets the words!
You shoot an arrow. The arrow hits the orc!
You kill the orc!
You feel very sick. The orc completely misses you.
The orc priest hits you from afar with a +2 trident of venom.
You are more poisoned.
The orc misses you.
You shoot an arrow. The arrow hits the orc.
The orc is lightly wounded.
You die...

.....# ..#.#
.##..# #. ....#
.# # #. #.#.# .#
.# #. #.#.#
###..# #. #.#.#
.....# #. #.#.#
....## #.###.#.#
#### #####
#.......##o..##
##
##%......@o...#
.##
#..#######o......
..######..#
o.~....
..........#
..~....
..######..#
..~.... .## #..#
..~.... ## #..#
....#.. # ##.#
....##. ## #..


You could see an orc priest and 3 orcs.

Vanquished Creatures
  A bombardier beetle (D:3)
  An orc priest (D:3)
  Jessica (D:3)
  4 gnolls (D:3)
  A ribbon worm (D:3)
  5 orcs (D:3)
  4 endoplasms (D:1)
  2 giant cockroaches (D:1)
  2 goblins
  2 hobgoblins (D:1)
  3 jackals (D:1)
  2 quokkas
  6 ball pythons
  5 bats
  3 frilled lizards
  5 kobolds
  5 rats
52 creatures vanquished.

Vanquished Creatures (others)
  A kobold (D:3)
1 creature vanquished.

Grand Total: 53 creatures vanquished

Notes
Turn   | Place    | Note
-------+----------+-------------------------------------------
     0 | D:1      | qw the Spriggan Hunter began the quest for the Orb.
     0 | D:1      | Reached XP level 1. HP: 10/10 MP: 2/2
     0 | D:1      | 0 ||| qw: Version: 0.3-a-160-g6735b56
     0 | D:1      | 0 ||| qw: Game counter: 4542
     0 | D:1      | 0 ||| qw: Melee chars always use a shield: true
     0 | D:1      | 0 ||| qw: God list: Okawaru
     0 | D:1      | 0 ||| qw: Allow faded altars: false
     0 | D:1      | 0 ||| qw: Do Orc after clearing Dungeon:15 true
     0 | D:1      | 0 ||| qw: Do second Lair branch before Depths: true
     0 | D:1      | 0 ||| qw: Lair rune preference: random
     0 | D:1      | 0 ||| qw: Goals: Normal
     0 | D:1      | 0 ||| PLANNING D:1-11
    72 | D:1      | Reached skill level 3 in Dodging
    77 | D:1      | Found Ugehast's Armour Shop.
   199 | D:1      | Reached XP level 2. HP: 14/14 MP: 3/3
   225 | D:1      | Found Kaphih's Antique Weapon Shop.
   226 | D:1      | Found Yntoatys's Book Emporium.
   491 | D:1      | Found Kienufeent's Weapon Emporium.
   499 | D:1      | 499 ||| SHOPLISTING +3 sling of freezing (256 gold, have
                  | 39).
   510 | D:1      | Found Umomp's Antique Weapon Emporium.
   767 | D:1      | Reached XP level 3. HP: 18/18 MP: 4/4
   788 | D:1      | 788 ||| UPGRADING to scarf of repulsion.
   793 | D:1      | 793 ||| UPGRADING to amulet of reflection.
   798 | D:1      | 798 ||| READING scroll labelled IWATHR SIXUMA.
   801 | D:1      | 801 ||| READING 2 scrolls labelled ONAN SOOHONG.
   801 | D:1      | 801 ||| IDENTIFYING red potion
   802 | D:1      | 802 ||| READING scroll of identify.
   802 | D:1      | 802 ||| IDENTIFYING scroll labelled HOEW CETIONUYN
   803 | D:1      | 803 ||| DROPPING scroll of butterflies.
   804 | D:1      | 804 ||| DROPPING scroll of amnesia.
  1173 | D:2      | Found a faded altar of an unknown god.
  1493 | D:2      | 1493 ||| READING 2 scrolls of identify.
  1493 | D:2      | 1493 ||| IDENTIFYING yellow potion
  1494 | D:2      | 1494 ||| READING scroll of identify.
  1494 | D:2      | 1494 ||| IDENTIFYING 3 scrolls labelled AHOTIF ECEI
  1495 | D:2      | 1495 ||| DROPPING potion of lignification.
  1496 | D:2      | 1496 ||| DROPPING 3 scrolls of silence.
  1543 | D:3      | Reached XP level 4. HP: 15/22 MP: 5/5
  1715 | D:3      | Noticed Jessica
  1720 | D:3      | Killed Jessica
  1885 | D:3      | HP: 5/23 [gnoll/+0 halberd (5)]
  1886 | D:3      | 1886 ||| DRINKING 3 potions of heal wounds.
  1896 | D:3      | Reached XP level 5. HP: 23/26 MP: 6/6
  2109 | D:3      | HP: 4/26 [orc priest/+2 trident of venom (7)]
  2110 | D:3      | 2110 ||| DRINKING 2 potions of heal wounds.
  2112 | D:3      | 2112 ||| DRINKING potion of heal wounds.
  2114 | D:3      | HP: 3/26 [poisoned by an orc priest]
  2114 | D:3      | HP: 1/26 [orc priest/+2 trident of venom (2)]
  2115 | D:3      | Succumbed to an orc priest's poison

Levels and vault maps discovered:
D:1:      sevenhm_arrival_forest_fort_small_5, layout_basic, serial_shops,
          nicolae_shop_peninsula, shop, shop, shop, shop
D:2:      layout_basic, shapermc_ecumenical_altar_venn
D:3:      layout_loops_corners, mainiacjoe_overflow_boulevard, uniq_jessica

Skill      XL: |  1  2  3  4 |
---------------+-------------+-----
Dodging        | 3 4 5 |  5.1
Ranged Weapons | 5 |  5.5
Fighting       | 2 |  2.0
Stealth        | |  1.5

Action                     |  1- 3 |  4- 6 || total
---------------------------+-------+-------++-------
   Fire: Shortbow          |    78 |    71 ||   149
    Use: Scroll            |     5 |       ||     5
         Potion            |       |     3 ||     3
 Armour: Robe              |     8 |    15 ||    23
  Dodge: Dodged            |    21 |    57 ||    78
         Repelled          |       |     4 ||     4
  Block: Other             |     2 |    14 ||    16
         Reflection        |       |     1 ||     1

Table legend:
 A = Non-vault XP
 B = Vault XP
 C = Vault XP percentage of total XP
 D = Non-vault monster count
 E = Vault monster count
 F = Vault count percentage of total count
                 A         B        C        D         E       F
            +---------+---------+-------+---------+---------+-------
      Total |     220 |      37 |  14.4 |      51 |       1 |   1.9
            +---------+---------+-------+---------+---------+-------
        D:1 |      41 |       0 |   0.0 |      25 |       0 |   0.0
        D:2 |       7 |       0 |   0.0 |       7 |       0 |   0.0
        D:3 |     172 |      37 |  17.7 |      19 |       1 |   5.0
            +---------+---------+-------+---------+---------+-------
